 Dungeon Crawl Stone Soup version 0.27.0-66-gdc8fb28755 (webtiles) character file.

Game seed: 14503000154897092726

700 funkygono the Firebug (level 7, -5/36 HPs)
             Began as a Gargoyle Fire Elementalist on Aug 21, 2021.
             Was a Follower of Ru.
             Slain by an ogre (21 damage)
             ... on level 5 of the Dungeon.
             The game lasted 00:12:58 (5157 turns).

funkygono the Firebug (Gargoyle Fire Elementalist)  Turns: 5157, Time: 00:13:00

Health: -5/36      AC: 12    Str: 11    XL:     7   Next: 65%
Magic:  2/14       EV: 12    Int: 18    God:    Ru [*.....]
Gold:   112        SH:  0    Dex: 10    Spells: 1/15 levels left

rFire    . . .     SeeInvis .   p - +4 mace
rCold    . . .     Faith    +   (no shield)
rNeg     + . .     Spirit   .   k - +2 robe
rPois    ∞         Reflect  .   m - +1 helmet
rElec    +         Harm     .   t - +0 cloak
rCorr    .         Rampage  .   g - +0 pair of gloves
Will     .....                  (no boots)
Stlth    ++........             n - amulet of faith
HPRegen  0.12/turn              (no ring)
MPRegen  0.14/turn              (no ring)

@: unable to read, very slightly contaminated
A: sickness immunity, AC +4, negative energy resistance 1, electricity
resistance, torment resistance 1, petrification resistance, inability to read
while threatened
a: Renounce Religion


You were on level 5 of the Dungeon.
You worshipped Ru.
Ru was aware of your devotion.
You visited 1 branch of the dungeon, and saw 5 of its levels.

You collected 112 gold pieces.

Inventory:

Hand Weapons
 d - a +1 whip
 p - a +4 mace (weapon)
 s - a +3 quarterstaff of chaos
Missiles
 j - 104 stones
Armour
 g - a +0 pair of gloves (worn)
 k - a +2 robe (worn)
 m - a +1 helmet (worn)
 q - a +0 tower shield
 t - a +0 cloak (worn)
Magical Staves
 l - a staff of poison
Jewellery
 n - an amulet of faith (around neck)
Wands
 e - a wand of polymorph (15)
 u - a wand of paralysis (11)
Scrolls
 f - 3 scrolls of teleportation
Potions
 a - a potion of mutation {unknown}
 b - a potion of haste {unknown}
 c - a potion of berserk rage
 h - 4 potions of curing
 i - 3 potions of lignification {unknown}
 o - 2 potions of brilliance {unknown}
 r - 2 potions of magic {unknown}
 v - 2 potions of might {unknown}


   Skills:
 + Level 0.3 Fighting
 + Level 0.3 Maces & Flails
 + Level 2.2 Dodging
 - Level 2.1 Stealth
 * Level 4.7 Spellcasting
 * Level 3.9 Conjurations
 * Level 5.0 Fire Magic
 * Level 3.3 Earth Magic


You had one spell level left.
You knew the following spells:

 Your Spells              Type           Power      Damage    Failure   Level
a - Foxfire               Conj/Fire      80%        2x1d8     2%          1
b - Conjure Flame         Conj/Fire      20%        6-21      6%          3
c - Sticky Flame          Conj/Fire      20%        2d4       22%         4
d - Fireball              Conj/Fire      10%        3d6       52%         5
e - Sandblast             Erth           32%        2d9       3%          1

Your spell library contained the following spells:

 Spells                   Type           Power      Damage    Failure   Level
 Passwall                 Tmut/Erth      8%         N/A       11%         2
 Inner Flame              Hex/Fire       13%        N/A       14%         3
 Lee's Rapid Deconstruct  Erth           8%         3d8*      67%         5


Dungeon Overview and Level Annotations

Branches:
Dungeon (5/15)
 Temple: D:4-7

Altars:
Nemelex Xobeh
Ru
Vehumet


Innate Abilities, Weirdness & Mutations

You are immune to sickness and miasma.
Your stone body is resilient. (AC +4)
You are immune to poison.
You resist negative energy. (rN+)
You are resistant to electric shocks. (rElec)
You are resistant to unholy torment.
You are immune to petrification.
You sometimes lose the ability to read scrolls when taking damage.


Message History

* * * LOW HITPOINT WARNING * * *
Your magical contamination has completely faded away.
There is a stone staircase leading up here.
Found a flail.
A sky beast comes into view.
You can read scrolls again.
Found a radiant altar of Vehumet.
Casting: Sticky Flame (extremely dangerous; 24% risk of failure)
Confirm with . or Enter, or press ? or * to list all spells.
The spell is extremely dangerous to cast (24% risk of failure)!
Continue anyway?
Aiming: Sticky Flame (extremely dangerous; 24% risk of failure)
Press: ? - help, Shift-Dir - straight line, f/p - ogre
Aim: an ogre, wielding a +0 giant club (moderately wounded, 100% to hit)
The sticky flame hits the ogre.
The ogre is heavily wounded.
The ogre is covered in liquid flames!
The ogre burns!
The ogre misses you.
Unknown command.
The ogre burns!
The ogre burns!
You kill the ogre!
Your Fire Magic skill increases to level 5!
Casting: Sticky Flame (extremely dangerous; 22% risk of failure)
Confirm with . or Enter, or press ? or * to list all spells.
You conjure some foxfire!
Casting: Foxfire (safe; 2% risk of failure)
Confirm with . or Enter, or press ? or * to list all spells.
You miscast Foxfire.
You are very lightly contaminated with residual magic.
Nothing appears to happen.
The foxfire hits the ogre.
The ogre is moderately wounded.
Unknown command.
The foxfire hits the ogre!
The ogre is heavily wounded.
Casting: Foxfire (safe; 2% risk of failure)
Confirm with . or Enter, or press ? or * to list all spells.
You conjure some foxfire!
The ogre hits you with a +0 giant spiked club!!
You feel threatened and lose the ability to read scrolls!
Ouch! That really hurt!
You die...

.._ .#... ... .. .#... ..#
##.###..... .. ....#...#.....
##.## ... ........ .... # ..Y
###..#######.##### .##### ...
#......)......#..###......
...##.##########Ov#......O....
........#.....##@§#..#.#......
......#.#.....##v.#..#.# ..[..
......#O#.....##..#..#.# .$..
......#.#.....##..#..#.# ...
..#...#Y..........#..#.# ..
..#<<....########.#..#.# ....
..#.#....# #.#..#.# ...
.......##########.#..#.## #..
................#.#.....# #..


You could see an ogre (ally target).

Vanquished Creatures
  Grinder (D:3)
  An ogre (D:5)
  A phantom (D:4)
  A howler monkey (D:4)
  2 hounds
  An orc priest (D:3)
  Crazy Yiuf (D:3)
  Jessica (D:3)
  Robin (D:3)
  4 adders
  A shadow imp (D:5)
  An ufetubus (D:4)
  3 worms
  2 dart slugs
  3 orcs (D:3)
  10 endoplasms
  3 giant cockroaches
  15 goblins
  6 hobgoblins
  11 jackals
  6 kobolds
  3 quokkas
  8 ball pythons
  5 bats
  13 frilled lizards
  3 rats
107 creatures vanquished.

Vanquished Creatures (others)
  277 foxfires
  8 plants (D:1)
285 creatures vanquished.

Grand Total: 392 creatures vanquished

Notes
Turn   | Place    | Note
-------+----------+-------------------------------------------
     0 | D:1      | funkygono the Gargoyle Fire Elementalist began the quest
                  | for the Orb.
     0 | D:1      | Reached XP level 1. HP: 10/10 MP: 3/3
    82 | D:1      | Found a faded altar of an unknown god.
   163 | D:1      | Reached XP level 2. HP: 13/15 MP: 0/5
   518 | D:1      | Learned a level 1 spell: Sandblast
   532 | D:1      | Reached XP level 3. HP: 13/19 MP: 0/6
  1475 | D:2      | Reached skill level 4 in Fire Magic
  1475 | D:2      | Reached XP level 4. HP: 21/24 MP: 3/7
  1872 | D:2      | Reached skill level 1 in Earth Magic
  2212 | D:2      | Learned a level 3 spell: Conjure Flame
  2390 | D:3      | Noticed Jessica
  2399 | D:3      | Killed Jessica
  2400 | D:3      | Reached XP level 5. HP: 12/28 MP: 4/9
  2595 | D:3      | Learned a level 4 spell: Sticky Flame
  2714 | D:3      | Noticed Robin
  2756 | D:3      | Killed Robin
  2897 | D:3      | Found a sacrificial altar of Ru.
  2906 | D:3      | Became a worshipper of Ru the Awakened
  3099 | D:3      | Found a runed translucent door.
  3100 | D:3      | Noticed Crazy Yiuf
  3120 | D:3      | Noticed Grinder
  3130 | D:3      | Paralysed by Grinder for 3 turns
  3135 | D:3      | Paralysed by Grinder for 5 turns
  3142 | D:3      | Killed Grinder
  3143 | D:3      | Reached XP level 6. HP: 29/32 MP: 3/12
  3757 | D:3      | Killed Crazy Yiuf
  4065 | D:4      | Reached XP level 7. HP: 36/36 MP: 8/13
  4543 | D:4      | Found a sparkling altar of Nemelex Xobeh.
  4817 | D:4      | Learned a level 5 spell: Fireball
  4858 | D:5      | Entered Level 5 of the Dungeon
  4859 | D:5      | Gained mutation: You sometimes lose the ability to read
                  | scrolls when taking damage. [Ru sacrifice]
  4859 | D:5      | Reached * piety under Ru
  5115 | D:5      | Found a radiant altar of Vehumet.
  5152 | D:5      | Reached skill level 5 in Fire Magic
  5157 | D:5      | Slain by an ogre

Illustrated notes

Levels and vault maps discovered:
D:1:      nicolae_arrival_washed_ashore, layout_basic,
          shapermc_ecumenical_altar_venn, minmay_lizard_king
D:2:      layout_basic
D:3:      layout_loops_ring, nicolae_ru_path_of_blood, uniq_robin, uniq_grinder,
          uniq_crazy_yiuf_cottage, uniq_jessica
D:4:      layout_loops_ring, nemelex_spade_bored_becter, nrook_mini_vaults
D:5:      layout_basic, vehumet_crystals

Skill      XL: |  1  2  3  4  5  6  7 |
---------------+----------------------+-----
Fire Magic     | 4 5 |  5.0
Earth Magic    | 1 3 |  3.3
Spellcasting   | 3 4 |  4.7
Conjurations   | 2 3 |  3.9
Dodging        | 2 |  2.2
Fighting       | |  0.3
Maces & Flails | |  0.3
Stealth        | |  2.1

Action                   |  1- 3 |  4- 6 |  7- 9 || total
-------------------------+-------+-------+-------++-------
Melee: Whip              |    20 |    21 |       ||    41
       Mace              |       |     1 |    14 ||    15
 Cast: Foxfire           |    58 |    87 |    22 ||   167
       Sandblast         |     7 |    15 |     2 ||    24
       Sticky Flame      |       |     1 |     2 ||     3
Invok: Sacrifice Words   |       |       |     1 ||     1
  Use: Scroll            |     4 |     4 |       ||     8
       Potion            |       |     1 |       ||     1
Armor: Robe              |     7 |    27 |     9 ||    43
Dodge: Dodged            |    20 |    31 |    13 ||    64
